 Dungeon Crawl Stone Soup version 0.19-a0-628-g9200b3b (webtiles) character file.

48969 Rainbowgamer28 the Warrior (level 14, -10/89 HPs)
             Began as a Vine Stalker Wanderer on June 10, 2016.
             Was a High Priest of Yredelemnul.
             Mangled by a freezing wraith (12 damage)
             ... in an ice cave on June 13, 2016.
             The game lasted 02:10:03 (14979 turns).

Rainbowgamer28 the Warrior (Vine Stalker Wanderer) Turns: 14979, Time: 02:10:33

Health: -10/89     AC: 13    Str: 21    XL:     14   Next: 48%
Magic:  0/19       EV:  9    Int: 13    God:    Yredelemnul [*****.]
Gold:   642        SH:  0    Dex: 15    Spells: 0 memorised, 13 levels left

rFire  . . .     SeeInvis +     A - +6 quick blade
rCold  + . .     Gourm    .     W - +1 scale mail "Hoyffedd" {rC+}
rNeg   . . .     Faith    .     (no shield)
rPois  .         Spirit   +     Y - +0 helmet
rElec  .         Dismiss  .     V - +2 cloak
rCorr  .         Reflect  .     L - +0 pair of gloves
SustAt .         Harm     .     (no boots)
MR     +....                    (no amulet)
Stlth  ..........               m - ring of see invisible
                                U - +3 ring of dexterity

@: about to teleport, slowed, very slow, somewhat resistant to hostile
enchantments, extremely unstealthy
A: fangs 3, deformed body, regeneration 3, shaggy fur 1, magic shield, antimagic
bite, no device heal 3, rot immunity
a: Recall Undead Slaves, Injury Mirror, Animate Dead, Drain Life, Enslave Soul,
Renounce Religion


You were in an ice cave.
You worshipped Yredelemnul.
Yredelemnul was extremely pleased with you.
You were not hungry.

You visited 3 branches of the dungeon, and saw 18 of its levels.
You also visited: Ossuary and Ice Cave.

You collected 1294 gold pieces.
You spent 652 gold pieces at shops.

Inventory:

Hand Weapons
 q - the +7 hand axe of the Yoke {chop, rPois Int+4}
   (You found it on level 4 of the Dungeon)

   It inflicts extra damage upon your enemies.
   It affects your intelligence (+4).
   It protects you from poison.
 A - a +6 quick blade (weapon)
 C - a +2 dagger of electrocution
 Q - a +0 great mace
Armour
 l - a +1 plate armour
 L - a +0 pair of gloves (worn)
 S - a +0 chain mail of poison resistance
 V - a +2 cloak (worn)
 W - the +1 scale mail "Hoyffedd" (worn) {rC+}
   (You found it on level 1 of the Lair of Beasts)

   It protects you from cold.
 Y - a +0 helmet (worn)
Jewellery
 m - a ring of see invisible (right hand)
 J - an uncursed ring of fire
 U - a +3 ring of dexterity (left hand)
Wands
 a - a wand of slowing (19/48)
 c - a wand of iceblast (3/15)
 d - a wand of hasting (4/9)
 n - a wand of acid (5/15)
 o - a wand of lightning (5/15)
 p - a wand of digging (6/24)
 y - a wand of polymorph (6/24)
 I - a wand of teleportation (2/9)
 T - a wand of flame (24/48)
 Z - a wand of disintegration (10/24)
Scrolls
 e - 4 scrolls of teleportation
 g - a scroll of summoning {unknown}
 h - 9 scrolls of remove curse
 k - 5 scrolls of fog
 t - a scroll of magic mapping
 v - 3 scrolls of amnesia {unknown}
 x - a scroll of noise {unknown}
 B - 2 scrolls of immolation {unknown}
 G - 2 scrolls of recharging
 N - 2 scrolls of fear {unknown}
 R - 4 scrolls of enchant weapon
Potions
 b - 13 potions of curing
 i - 2 potions of magic
 s - 4 potions of flight
 w - 3 potions of haste
 z - a potion of resistance
 D - 3 potions of lignification
 E - a potion of invisibility
 F - 2 potions of brilliance
 H - a potion of cure mutation
 K - 3 potions of ambrosia
 O - a potion of agility {unknown}
 X - 2 potions of might
Miscellaneous
 M - a fan of gales
Comestibles
 f - 9 bread rations
 j - 34 fruits
 r - 5 meat rations
 P - 2 beef jerkies


   Skills:
 - Level 17.0 Fighting
 - Level 10.0(10.1) Short Blades
   Level 1.7(6.6) Long Blades
   Level 1.7 Crossbows
 - Level 8.6 Armour
 - Level 1.2 Stealth
 - Level 6.1 Invocations
 - Level 1.0 Evocations


You had 13 spell levels left.
You didn't know any spells.

Dungeon Overview and Level Annotations

Branches:
Dungeon (11/15)            Temple (0/1) D:7            Lair (6/6) D:9
 Shoals (0/4) Lair:2       Spider (0/4) Lair:4        Slime (0/5) Lair:5
    Orc (1/2) D:9

Altars:
Ashenzari
Elyvilon
Fedhas
Gozag
Kikubaaqudgha
Makhleb
Nemelex Xobeh
Okawaru
Pakellas
Qazlal
Sif Muna
Uskayaw
Xom
Yredelemnul
Zin
Jiyva

Shops:
D:10 *

Annotations:
D:7 exclusion: ice statue


Innate Abilities, Weirdness & Mutations

You have razor-sharp teeth.
You regenerate.
When hurt, damage is shared between your health and your magic reserves.
Your bite disrupts and absorbs the magic of your enemies.
Potions and wands cannot restore your health.
You are immune to rotting.
Armour fits poorly on your strangely shaped body.
You are covered in fur. (AC +1)


Message History

The freezing wraith is severely damaged.
The freezing wraith hits you! The freezing wraith freezes you! You resist.
The freezing wraith hits you!
* * * LOW HITPOINT WARNING * * *
The freezing wraith hits you!
* * * LOW HITPOINT WARNING * * *
The freezing wraith freezes you! You resist.
* * * LOW HITPOINT WARNING * * *
The freezing wraith hits you.
* * * LOW HITPOINT WARNING * * *
The freezing wraith drains your vigour!
You feel as though you will be slow longer.
As you read the scroll of teleportation, it crumbles to dust.
You feel strangely unstable. The freezing wraith hits you.
* * * LOW HITPOINT WARNING * * *
The freezing wraith freezes you. You resist.
* * * LOW HITPOINT WARNING * * *
The freezing wraith misses you. The freezing wraith hits you!
You die...
Your body rises from the dead as a mindless zombie.

###.. #... ##..# ##..
###...### ##.
####.......## #.
#...........# ##
#[..........# ##
########.........# ##.
##...## ##........##
#..
##.ZW.5###@....###..##
#..
#..###5.#WW########..#
##. #....##W..##
###...## ##
###...##.## ###....##
#### .W.#####
##....### ##.#. W..##
###...### ##.... ..W##
###..W### ##.....


5ZZZ ##...### ####...... ZZ5Z5 #...## ##......... You could see 3 freezing
wraiths.

Vanquished Creatures
  4 hydras
  2 catoblepae (Lair:6)
  A centaur warrior (D:10)
  11 death yaks
  A queen ant (Lair:5)
  3 hill giants (D:10)
  The ghost of Yermak the Covert, a novice DDAs of Makhleb (D:5)
  Pikel (D:6)
  2 griffons
  3 rime drakes
  A cyclops (D:10)
  6 elephants (Lair:6)
  3 black mambas
  4 spiny frogs
  2 torpor snails (Lair:5)
  A demonic crawler (Lair:4)
  4 freezing wraiths (IceCv)
  2 komodo dragons
  A meliai (D:10)
  4 polar bears (Lair:2)
  A wolf spider simulacrum (IceCv)
  A troll (D:9)
  A blink frog (Lair:2)
  A shadow (D:11)
  A vampire (D:10)
  A wraith (D:9)
  A steam dragon (Lair:2)
  15 yaks
  A hungry ghost (D:10)
  4 hippogriffs
  A death yak simulacrum (IceCv)
  A soldier ant (Lair:5)
  11 porcupines
  7 water moccasins
  An orc warrior (D:9)
  6 black bears (Lair:2)
  8 ice beasts
  2 killer bees (D:9)
  2 sky beasts
  6 ogres
  3 phantoms
  4 centaurs
  5 wolves (Lair:3)
  12 crocodiles
  11 giant frogs
  2 big kobolds
  3 scorpions
  7 howler monkeys
  6 crimson imps
  2 giant frog zombies
  A quasit (D:9)
  A centaur zombie (D:9)
  7 hounds
  4 jellies
  A centaur skeleton (D:8)
  10 orc wizards
  6 orc priests
  A giant frog skeleton (D:7)
  8 iguanas
  2 polar bear simulacra (IceCv)
  26 worker ants
  7 sheep (Lair:6)
  A big kobold zombie (Ossuary)
  2 hound skeletons (D:7)
  9 mummies
  14 adders
  2 howler monkey skeletons
  23 river rats
  5 white imps (IceCv)
  An ooze (D:6)
  An adder zombie (D:5)
  3 worms
  2 dart slugs (D:1)
  A giant gecko (D:3)
  48 orcs
  6 ball pythons
  2 giant cockroaches
  6 goblins
  5 hobgoblins
  15 jackals
  2 quokkas
  4 bats
  A giant newt (D:4)
  12 kobolds
  5 kobold zombies (Ossuary)
  2 orc zombies (Ossuary)
  3 rats
433 creatures vanquished.

Vanquished Creatures (collateral kills)
  Harold (Lair:1)
  5 hydras
  A catoblepas (Lair:6)
  A death yak (Lair:6)
  A griffon (Lair:5)
  A siren (Lair:2)
  5 elephants (Lair:6)
  3 spiny frogs
  A freezing wraith (IceCv)
  2 komodo dragons
  A rime drake (D:11)
  A troll (D:9)
  Grinder (D:6)
  2 blink frogs (Lair:2)
  5 yaks (Lair:5)
  A basilisk (Lair:1)
  2 water moccasins
  4 soldier ants (Lair:5)
  An orc warrior (D:7)
  3 porcupines
  An ice beast (IceCv)
  A black bear (Lair:2)
  3 crocodiles
  A big kobold (D:10)
  A giant frog (Lair:4)
  A scorpion (D:9)
  3 killer bees (D:9)
  A crimson imp (D:11)
  2 orc wizards
  4 iguanas
  3 worker ants (Lair:5)
  2 sheep (Lair:6)
  5 river rats
  2 giant geckos
  5 orcs
  A jackal (D:7)
  A kobold (D:10)
  9 fungi
  5 plants
93 creatures vanquished.

Vanquished Creatures (others)
  A catoblepas zombie (Lair:6)
  2 death yak zombies
  A griffon zombie (Lair:6)
  10 flying skulls
  A black mamba zombie (Lair:3)
  A wraith (Lair:6)
  A spiny frog zombie (Lair:6)
  4 elephant zombies (Lair:6)
  A komodo dragon zombie (Lair:6)
  2 water moccasin zombies
  5 yak zombies
  A troll zombie (D:9)
  2 wights
  3 wolf zombies
  A giant frog zombie (D:7)
  A basilisk zombie (Lair:1)
  3 porcupine zombies
  2 crocodile zombies (Lair:6)
  2 hound zombies
  2 iguana zombies (D:9)
  An adder skeleton (D:5)
  An iguana skeleton (Lair:1)
  11 river rat zombies
  3 orc zombies
  2 plants (Lair:6)
  4 toadstools (D:1)
68 creatures vanquished.

Grand Total: 594 creatures vanquished

Notes
Turn   | Place    | Note
--------------------------------------------------------------
     0 | D:1      | Rainbowgamer28 the Vine Stalker Wanderer began the quest for the Orb.
     0 | D:1      | Rainbowgamer28 set off with: a +2 scale mail, a potion of curing, a +0 hand crossbow, 22 bolts, a bread ration
     0 | D:1      | Reached XP level 1. HP: 10/10 MP: 2/2
   137 | D:1      | Reached XP level 2. HP: 5/15 MP: 1/3
   159 | D:1      | Reached skill level 2 in Fighting
   696 | D:3      | Reached XP level 3. HP: 7/19 MP: 2/4
   869 | D:3      | Found a white marble altar of Elyvilon.
   907 | D:3      | Reached skill level 3 in Fighting
  1083 | D:3      | Found a basalt altar of Yredelemnul.
  1152 | D:3      | Reached XP level 4. HP: 23/24 MP: 3/5
  1157 | D:3      | Became a worshipper of Yredelemnul the Dark
  1460 | D:3      | Found a shimmering altar of Xom.
  1473 | D:3      | Found a blossoming altar of Fedhas.
  1784 | D:4      | Reached skill level 4 in Fighting
  1844 | D:4      | Got a shimmering hand axe
  1845 | D:4      | Identified the +7 hand axe of the Yoke {chop, rPois Int+4} (You found it on level 4 of the Dungeon)
  1879 | D:4      | Found a sand-covered staircase.
  1886 | D:4      | Reached XP level 5. HP: 17/30 MP: 2/6
  1928 | Ossuary  | Entered an ossuary
  2002 | Ossuary  | Reached skill level 5 in Fighting
  2025 | Ossuary  | Gained mutation: You heal very quickly. [Vine Stalker growth]
  2025 | Ossuary  | Reached XP level 6. HP: 15/35 MP: 5/7
  2307 | D:4      | Reached skill level 1 in Short Blades
  2369 | D:4      | Reached * piety under Yredelemnul
  2456 | D:4      | Found a blossoming altar of Fedhas.
  2617 | D:4      | Found a sparkling altar of Nemelex Xobeh.
  2617 | D:4      | Found a glowing silver altar of Zin.
  2618 | D:4      | Found a shattered altar of Ashenzari.
  2785 | D:4      | Noticed a phantom
  2794 | D:4      | Killed a phantom
  2794 | D:4      | Reached XP level 7. HP: 39/39 MP: 8/8
  2845 | D:5      | Entered Level 5 of the Dungeon
  2855 | D:5      | Found a shimmering altar of Xom.
  3172 | D:5      | Noticed Yermak's ghost (novice DDAs)
  3260 | D:5      | Killed Yermak's ghost
  3260 | D:5      | Gained mutation: You have razor-sharp teeth. [Vine Stalker growth]
  3260 | D:5      | Reached XP level 8. HP: 30/44 MP: 9/9
  3559 | D:5      | Found an oddly glowing altar of Pakellas.
  3565 | D:5      | Found an ancient bone altar of Kikubaaqudgha.
  3566 | D:5      | Found an iron altar of Okawaru.
  3901 | D:6      | Reached ** piety under Yredelemnul
  3906 | D:6      | Reached XP level 9. HP: 37/48 MP: 7/10
  3942 | D:6      | Found a burning altar of Makhleb.
  3964 | D:6      | Noticed Grinder
  3975 | D:6      | Killed Grinder
  4085 | D:6      | Noticed Pikel
  4100 | D:6      | Killed Pikel
  4260 | D:6      | Reached skill level 10 in Short Blades
  4292 | D:6      | Identified the Catalogue of the Destructive Arsonist
  4693 | D:7      | Reached skill level 5 in Armour
  4700 | D:7      | Noticed an ice statue
  4714 | D:7      | Reached XP level 10. HP: 50/53 MP: 8/11
  5170 | D:7      | Found a stormy altar of Qazlal.
  5170 | D:7      | Found a deep blue altar of Sif Muna.
  5241 | D:7      | Found a staircase to the Ecumenical Temple.
  5736 | D:8      | Reached skill level 10 in Fighting
  5736 | D:8      | Reached XP level 11. HP: 64/64 MP: 12/12
  5959 | D:8      | Found a basalt altar of Yredelemnul.
  6349 | D:8      | Reached *** piety under Yredelemnul
  6650 | D:9      | Found a staircase to the Orcish Mines.
  6749 | D:9      | Found a hide-covered altar of Uskayaw.
  6750 | D:9      | Found a staircase to the Lair.
  6941 | D:9      | Found an opulent altar of Gozag.
  6956 | D:9      | Received a gift from Yredelemnul
  7094 | Lair:1   | Entered Level 1 of the Lair of Beasts
  7187 | Lair:1   | Noticed an eight-headed hydra
  7191 | Lair:1   | Noticed Harold
  7194 | Lair:1   | Killed an eight-headed hydra
  7208 | Lair:1   | Killed Harold
  7224 | Lair:1   | Got a distressingly furry scale mail
  7235 | Lair:1   | Identified the cursed +1 scale mail "Hoyffedd" {rC+} (You found it on level 1 of the Lair of Beasts)
  7417 | Lair:1   | Reached skill level 1 in Invocations
  7794 | Lair:2   | Noticed an eight-headed hydra
  7803 | Lair:2   | Killed an eight-headed hydra
  7827 | Lair:2   | Gained mutation: You regenerate. [Vine Stalker growth]
  7827 | Lair:2   | Reached XP level 12. HP: 42/69 MP: 16/16
  7918 | Lair:2   | Reached skill level 5 in Invocations
  8068 | Lair:2   | Received a gift from Yredelemnul
  8236 | Lair:2   | Reached skill level 11 in Fighting
  8317 | Lair:2   | Found a staircase to the Shoals.
  8591 | Lair:3   | Noticed a four-headed hydra
  8598 | Lair:3   | Killed a four-headed hydra
  8845 | Lair:3   | Noticed an eight-headed hydra
  8855 | Lair:3   | Killed an eight-headed hydra
  8948 | Lair:3   | Noticed an eight-headed hydra
  8961 | Lair:3   | Killed an eight-headed hydra
  8961 | Lair:3   | Reached skill level 12 in Fighting
  9415 | Lair:4   | Reached **** piety under Yredelemnul
  9447 | Lair:4   | Found a hole to the Spider Nest.
  9562 | Lair:4   | Noticed an eight-headed hydra
  9575 | Lair:4   | Killed an eight-headed hydra
  9719 | Lair:4   | Gained mutation: You are resistant to electric shocks. (rElec) [potion of mutation]
  9719 | Lair:4   | Gained mutation: Your spells are a little easier to cast, but a little less powerful. [potion of mutation]
  9719 | Lair:4   | Gained mutation: You are covered in fur. (AC +1) [potion of mutation]
  9997 | Lair:4   | Reached skill level 13 in Fighting
 10363 | Lair:5   | Noticed a death yak
 10363 | Lair:5   | Noticed a death yak
 10364 | Lair:5   | Noticed a death yak
 10367 | Lair:5   | Noticed a death yak
 10376 | Lair:5   | Killed a death yak
 10376 | Lair:5   | Reached XP level 13. HP: 67/77 MP: 18/18
 10631 | Lair:5   | Received a gift from Yredelemnul
 10632 | Lair:5   | Reached skill level 14 in Fighting
 10743 | Lair:5   | Received a gift from Yredelemnul
 10920 | Lair:5   | Found a staircase to the Slime Pits.
 10921 | Lair:5   | Found a viscous altar of Jiyva.
 11155 | Lair:5   | Got a warped dagger
 11156 | Lair:5   | Identified the cursed +1 dagger of Kimusk {drain, Str-5 Int+5} (You found it on level 5 of the Lair of Beasts)
 11333 | Lair:6   | Entered Level 6 of the Lair of Beasts
 11671 | Lair:6   | Reached skill level 15 in Fighting
 11804 | Lair:6   | HP: 2/81 [catoblepas (12)]
 12574 | Lair:6   | Received a gift from Yredelemnul
 12599 | Lair:6   | Reached XP level 14. HP: 52/86 MP: 19/19
 12738 | Lair:6   | Reached skill level 16 in Fighting
 12974 | Lair:6   | Upgraded the game from 0.19-a0-593-gf2cdb02 to 0.19-a0-628-g9200b3b
 13134 | Orc:1    | Entered Level 1 of the Orcish Mines
 13183 | D:10     | Entered Level 10 of the Dungeon
 13485 | D:10     | Identified a scroll of acquirement
 13583 | D:10     | Found Uboggepn's General Store.
 13587 | D:10     | Bought a wand of acid (5/15) for 270 gold pieces
 13587 | D:10     | Bought a potion of resistance for 150 gold pieces
 13587 | D:10     | Bought a scroll of teleportation for 45 gold pieces
 13587 | D:10     | Bought a scroll of enchant weapon for 112 gold pieces
 13587 | D:10     | Bought a potion of brilliance for 60 gold pieces
 13587 | D:10     | Bought a scroll of random uselessness for 15 gold pieces
 13970 | D:10     | Reached ***** piety under Yredelemnul
 13971 | D:10     | Received a gift from Yredelemnul
 14476 | D:11     | Gained mutation: Armour fits poorly on your strangely shaped body. [mutagenic meat]
 14477 | D:11     | Gained mutation: You are weak. (Str -2) [mutagenic meat]
 14480 | D:11     | Gained mutation: Your body sometimes deteriorates upon taking damage. [mutagenic meat]
 14481 | D:11     | Lost mutation: You are resistant to electric shocks. (rElec) [potion of cure mutation]
 14481 | D:11     | Lost mutation: Your body sometimes deteriorates upon taking damage. [potion of cure mutation]
 14481 | D:11     | Lost mutation: You are weak. (Str -2) [potion of cure mutation]
 14481 | D:11     | Lost mutation: Your spells are a little easier to cast, but a little less powerful. [potion of cure mutation]
 14544 | D:11     | Found a frozen archway.
 14582 | IceCv    | Entered an ice cave
 14700 | IceCv    | Received a gift from Yredelemnul
 14826 | IceCv    | HP: 3/88 [freezing wraith (4)]
 14923 | IceCv    | Reached skill level 17 in Fighting
 14953 | IceCv    | Found an ancient bone altar of Kikubaaqudgha.
 14979 | IceCv    | HP: 2/89 [freezing wraith (3)]
 14979 | IceCv    | Mangled by a freezing wraith

Vault maps used:
D:1:      ldierk_walled_garden_2
D:2:      uniq_natasha
D:3:      elyvilon_altar_1, lemuel_crystal_altar, lemuel_doored_altar,
          lemuel_round_altar
D:4:      gammafunk_temple_overflow_claw, gup_ossuary_entry_pyramid,
          first_bread, fedhas_altar_3
D:5:      minitemple, basic_altar, grunt_decor_resistance
D:6:      makhleb_heckhound_becter, uniq_grinder, uniq_pikel
D:7:      lemuel_ice_statue, gammafunk_temple_overflow_wave,
          minmay_temple_entry_trees
D:8:      minmay_misc_feat_doors, blue_anna_alchemist, yredelemnul_altar_generic
D:9:      lemuel_round_altar, overflow_temple_1_default
D:10:     serial_shops, nicolae_shop_trees, st_stairs_10, kb_rosetta
D:11:     serial_ice, serial_ice_b, serial_ice_h, serial_ice_g, serial_ice_l,
          portal_ice_cave_rime
Lair:1:   serial_bayou_shore_b, grunt_megastairs_2, uniq_harold
Lair:2:   beast_lair_carwin_large_3, minmay_shoals_entry_lonely_mermaid,
          hangedman_lair_generics_rect
Lair:4:   nicolae_spider_entry_non_spiders, minivault_23,
          nicolae_quartered_pool_little
Lair:5:   slime_altar_1, zaba_antful_of_joy, infiniplex_staircase_pool_2,
          serial_bayou_shore_b
Lair:6:   evilmike_catoblepas_cave, patterned_corridor
Orc:1:    serial_shops, shop_fountains
Ossuary:  ossuary_tomb_3
IceCv:    ice_cave_small_necro

Skill      XL: |  1  2  3  4  5  6  7  8  9 10 11 12 13 14 |
---------------+-------------------------------------------+-----
Fighting       | 2 3 4 5 10 13 15 17 | 17.0
Short Blades   | 3 6 8 10 | 10.0
Armour         | 5 6 8 |  8.6
Invocations    | 4 6 |  6.1
Long Blades    | |  1.7
Crossbows      | |  1.7
Stealth        | |  1.2
Evocations     | |  1.0

Action                   |  1- 3 |  4- 6 |  7- 9 | 10-12 | 13-15 || total
-------------------------+-------+-------+-------+-------+-------++-------
Melee: Dagger            |   180 |   131 |   257 |   620 |   514 ||  1702
       Bite              |    33 |    44 |    60 |   215 |   382 ||   734
       Mace              |     3 |    25 |       |       |       ||    28
       Hand axe          |       |    45 |       |       |       ||    45
       Quick blade       |       |       |       |       |   345 ||   345
 Fire: Hand crossbow     |     6 |       |       |       |       ||     6
Invok: Animate Remains   |       |       |     5 |     6 |       ||    11
       Recall Undead Sla |       |       |     1 |       |       ||     1
       Animate Dead      |       |       |       |    29 |    27 ||    56
       Injury Mirror     |       |       |       |     1 |     2 ||     3
Evoke: Wand              |       |       |       |     5 |     7 ||    12
  Use: Scroll            |       |       |     9 |    10 |     8 ||    27
       Potion            |       |       |     1 |     3 |     1 ||     5
 Stab: Distracted        |       |       |     1 |     5 |     7 ||    13
       Confused          |       |       |       |       |     1 ||     1
  Eat: Chunk             |     1 |     6 |     7 |    28 |    25 ||    67
       Beef jerky        |       |       |       |     1 |     1 ||     2
       Fruit             |       |       |       |       |     3 ||     3
Armor: Scale mail        |   114 |    16 |       |       |    47 ||   177
       Plate armour      |       |    98 |   129 |   372 |   270 ||   869
       Chain mail        |       |       |       |       |    81 ||    81
Dodge: Dodged            |   113 |    44 |    40 |   155 |   178 ||   530
